 Dungeon Crawl Stone Soup version 0.29-a0-341-g24ffce5b50 (webtiles) character file.

Game seed: 479512154629388751

11 spaghetti the Caller (level 2, 14/22 HPs)
             Began as a Naga Summoner on Apr 20, 2022.
             Was a Believer of Lugonu.
             Quit the game on level 1 of the Dungeon.
             The game lasted 00:01:24 (1029 turns).

spaghetti the Caller (Naga Summoner)                Turns: 1029, Time: 00:01:25

Health: 14/22      AC:  1    Str: 10    XL:     2   Next: 29%
Magic:  5/5        EV:  9    Int: 15    God:    Lugonu [**....]
Gold:   10         SH:  0    Dex: 11    Spells: 5/6 levels left

rFire   . . .      SeeInvis +   f - +2 dagger (speed) {short}
rCold   . . .      Faith    .   (no shield)
rNeg    . . .      Spirit   .   a - +0 robe
rPois   +          Reflect  .   (no helmet)
rElec   .          Harm     .   (no cloak)
rCorr   .          Rampage  .   (no gloves)
Will    .....                   (no barding)
Stlth   ++........              (no amulet)
HPRegen 0.07/turn               (no ring)
MPRegen 0.09/turn               (no ring)

@: very slow
A: AC +0, large, see invisible, deformed body, poison resistance, slowness 2,
spit poison 1, naga tail 1
a: Spit Poison, Renounce Religion, Depart the Abyss, Bend Space


You were on level 1 of the Dungeon.
You worshipped Lugonu.
Lugonu was pleased with you.
You visited 1 branch of the dungeon, and saw 1 of its levels.

You collected 10 gold pieces.


Innate Abilities, Weirdness & Mutations

Your serpentine skin is tough. (AC +0)
You have supernaturally acute eyesight. (SInv)
Armour fits poorly on your strangely shaped body.
Your system is resistant to poisons. (rPois)
You cover ground very slowly.
You can spit poison.
You have a snake-like lower body.


   Skills:
 - Level 1.5 Dodging
 - Level 3.0 Stealth
 + Level 2.8 Spellcasting
 - Level 4.0 Summonings


You had 5 spell levels left.
You knew the following spells:

 Your Spells              Type           Power      Damage    Failure   Level
a - Summon Small Mammal   Summ           56%        N/A       4%          1

Your spell library contained the following spells:

 Spells                   Type           Power      Damage    Failure   Level
 Call Imp                 Summ           14%        N/A       6%          2
 Call Canine Familiar     Summ           14%        N/A       12%         3
 Summon Guardian Golem    Hex/Summ       8%         N/A       26%         3
 Summon Lightning Spire   Summ/Air       8%         N/A       65%         4

Inventory:

Hand Weapons
 f - a +2 dagger of speed (weapon) {short}
   (You took it off a kobold on level 1 of the Dungeon)
 h - a +0 mace {mace}
   (You found it on level 1 of the Dungeon)
Missiles
 g - 6 poisoned darts {throwing}
 i - 19 stones {throwing}
Armour
 a - a +0 robe (worn)
Scrolls
 c - a scroll of amnesia {unknown}
 d - a scroll of identify {unknown}
 e - a scroll of enchant weapon {unknown}
Potions
 b - a potion of magic

Dungeon Overview and Level Annotations

Branches:
Dungeon (1/15)

Altars:
Lugonu

...#.# ##.#..# #.###.#.#.# .#...#
#....# #.#...# .#.### ##...#
#.#.######### .#.# #...#
####.#.........# .#.#
#†>.####P##.#.#######.# .#.#
##....#P..###.....# #.#
##.#########.####...P#P####.###.#
.#.........[...#♣[PP.#.P# #.#...#
############.###@K≈≈..#.# #.#.###
##### #......#♣.≈P.##.###.#.#
....# #......##.$.P#P.P.#.#.#
....# #.......#P..####......###
....# #.......##P######...#....
....# #........####.....#.#####
.#### #####.................###
.# #...............#.... .#
#####...#.......#####


You could see a kobold.


Message History

😎 MP[-1]
You lost 1 mp, and now have 3/5 mp.
You hit the goblin.
You kill the goblin!
Things that are here:
a +0 club {mace}; a goblin corpse; 😎 MP[+2]
Your mp is fully restored (5).
You swap places.
Your quokka disappears in a puff of smoke!
Your rat disappears in a puff of smoke!
An endoplasm comes into view.
The endoplasm quivers.
The endoplasm jiggles.
The endoplasm moves out of view.
An endoplasm is nearby!
An endoplasm is nearby!
Casting: Summon Small Mammal (safe; 4% risk of failure)
Confirm with . or Enter, or press ? or * to list all spells.
The endoplasm hits you. 😕 HP[-1] MP[-1]
You take 1 damage, and now have 21/22 hp.
You lost 1 mp, and now have 4/5 mp.
Casting: Summon Small Mammal (safe; 4% risk of failure)
Confirm with . or Enter, or press ? or * to list all spells.
The endoplasm freezes you.
You are frozen.
Your rat bites the endoplasm. 😕 HP[-1] MP[-1]
You take 1 damage, and now have 20/22 hp.
You lost 1 mp, and now have 3/5 mp.
You hit the endoplasm. The endoplasm closely misses you.
You hit the endoplasm.
You kill the endoplasm!
Your rat disappears in a puff of smoke!
You now have 10 gold pieces.
You swap places.
Your rat disappears in a puff of smoke!
Key pressed, stopping explore.
Key pressed, stopping explore.
Key pressed, stopping explore.
An endoplasm comes into view. 😎 HP[+2] MP[+2]
Your hp is fully restored (22).
Your mp is fully restored (5).
Casting: Summon Small Mammal (safe; 4% risk of failure)
Confirm with . or Enter, or press ? or * to list all spells.
😎 MP[-1]
You lost 1 mp, and now have 4/5 mp.
Casting: Summon Small Mammal (safe; 4% risk of failure)
Confirm with . or Enter, or press ? or * to list all spells.
The endoplasm quivers. 😎 MP[-1]
You lost 1 mp, and now have 3/5 mp.
The endoplasm freezes you.
You are frozen. 😕 HP[-1]
You take 1 damage, and now have 21/22 hp.
You hit the endoplasm. The endoplasm freezes you.
You are frozen. 😕 HP[-3]
You take 3 damage, and now have 18/22 hp.
The endoplasm hits you. 😮 HP[-2]
You take 2 damage, and now have 16/22 hp.
You hit the endoplasm.
Your rat bites the endoplasm but does no damage.
The endoplasm barely misses you.
You hit the endoplasm.
You kill the endoplasm!
Your quokka disappears in a puff of smoke!
Your rat disappears in a puff of smoke!
Key pressed, stopping explore.
A kobold comes into view. It is wielding a +0 short sword.
Found 9 gold pieces.
Found a faded altar of an unknown god. 😎 HP[+6] MP[+2]
Your hp is fully restored (22).
Your mp is fully restored (5).
A kobold is nearby!
A kobold is nearby!
The kobold throws a stone.
The stone barely misses you.
The kobold throws a stone.
The stone barely misses you.
You enter the shallow water.
Moving in this stuff is going to be slow.
The kobold attacks as you move away! The kobold hits you but does no damage.
The kobold splashes around in the water.
The kobold attacks as you move away!
The kobold hits you with a +0 short sword. 😕 HP[-5]
You take 5 damage, and now have 17/22 hp.
MASSIVE DAMAGE!! (PAUSE)
The kobold hits you with a +0 short sword.
There is a faded altar of an unknown god here. 😮 HP[-3]
You take 3 damage, and now have 14/22 hp.
You cannot tell which god this altar belongs to.
Convert to them anyway?
Lugonu accepts your prayer! Lugonu welcomes you!
You can now depart the Abyss.
You can now bend space around yourself.
The kobold hits you but does no damage.
Unknown command.
Press < or > to pray at altars.
Are you sure you want to abandon this character and quit the game? (Confirm with "yes".)

Action                   || total
-------------------------++-------
Melee: Dagger            ||    22
       Unarmed           ||     9
Throw: Throwing net      ||     1
 Cast: Summon Small Mamm ||    13
 Abil: Spit Poison       ||     2
 Stab: Held in net/web   ||     1
       Sleeping          ||     1
Armor: Robe              ||     3
Dodge: Dodged            ||    10

Levels and vault maps discovered:
D:1:      matt_arrival_refuge, layout_basic,
          dreamdust_ecumenical_altar_hidden_monk_grotto, corner_web_ring

Notes
Turn   | Place    | Note
-------+----------+-------------------------------------------
     0 | D:1      | spaghetti the Naga Summoner began the quest for the Orb.
     0 | D:1      | Reached XP level 1. HP: 15/15 MP: 3/3
     0 | D:1      | magus.rc [v1.9.6]
   193 | D:1      | HP: 3/15 [kobold/+2 dagger of speed (4)]
   200 | D:1      | HP: 1/15 [kobold/+2 dagger of speed (2)]
   590 | D:1      | Reached XP level 2. HP: 10/22 MP: 3/5
  1021 | D:1      | Found a faded altar of an unknown god.
  1028 | D:1      | Prayed at the altar of an unknown god.
  1028 | D:1      | Became a worshipper of Lugonu the Unformed
  1028 | D:1      | Reached * piety under Lugonu
  1028 | D:1      | Reached ** piety under Lugonu
  1029 | D:1      | Quit the game

Vanquished Creatures
  4 endoplasms (D:1)
  A giant cockroach (D:1)
  A goblin (D:1)
  A hobgoblin (D:1)
  A kobold (D:1)
8 creatures vanquished.

Vanquished Creatures (collateral kills)
  A bat (D:1)
1 creature vanquished.

Grand Total: 9 creatures vanquished

Table legend:
 A = Non-vault XP
 B = Vault XP
 C = Vault XP percentage of total XP
 D = Non-vault monster count
 E = Vault monster count
 F = Vault count percentage of total count
                 A         B        C        D         E       F
            +---------+---------+-------+---------+---------+-------
      Total |      17 |       0 |   0.0 |       9 |       0 |   0.0
            +---------+---------+-------+---------+---------+-------
        D:1 |      17 |       0 |   0.0 |       9 |       0 |   0.0
            +---------+---------+-------+---------+---------+-------

Illustrated notes

Table legend:
 A = Kills in this place as a percentage of kills in entire the game.
 B = Kills by you in this place as a percentage of kills by you in the entire game.
 C = Kills by friends in this place as a percentage of kills by friends in the entire game.
 D = Other kills in this place as a percentage of other kills in the entire game.
 E = Experience gained in this place as a percentage of experience gained in the entire game.
 F = Experience gained in this place divided by the number of levels of this place that you have seen.
                   A       B       C       D       E      F
               +-------+-------+-------+-------+-------+----------------------
         Total | 100.0 | 100.0 | 100.0 |   N/A | 100.0 |  17.0
       Dungeon | 100.0 | 100.0 | 100.0 |   N/A | 100.0 |  17.0
               +-------+-------+-------+-------+-------+----------------------

Table legend: (Time is in decaauts)
 A = Elapsed time spent in this place.
 B = Non-inter-level travel time spent in this place.
 C = Inter-level travel time spent in this place.
 D = Time resting spent in this place.
 E = Time spent auto-exploring this place.
 F = Levels seen in this place.
 G = Mean time per level.
                   A        B        C        D        E       F      G
               +--------+--------+--------+--------+--------+-----+--------+
         Total |   1158 |   1158 |      0 |    432 |    606 |   1 | 1158.0 |
       Dungeon |   1158 |   1158 |      0 |    432 |    606 |   1 | 1158.0 |
               +--------+--------+--------+--------+--------+-----+--------+

Top non-repeatable levels by time:
     D:1: 1158 daAuts
